 Dungeon Crawl Stone Soup version 0.26-a0-597-gb535b0901c (webtiles) character file.

Game seed: 13059554018370686240

125 Blackjack the Digger (level 5, -4/30 HPs)
             Began as a Gargoyle Earth Elementalist on Aug 27, 2020.
             Was an Initiate of Ru.
             Killed from afar by an orc wizard (6 damage)
             ... with a puff of flame
             ... on level 3 of the Dungeon.
             The game lasted 00:48:49 (3076 turns).

Blackjack the Digger (Gargoyle Earth Elementalist)  Turns: 3076, Time: 00:48:50

Health: -4/30      AC:  9    Str: 12    XL:     5   Next: 9%
Magic:  1/9        EV: 10    Int: 16    God:    Ru [......]
Gold:   179        SH:  3    Dex: 10    Spells: 5/9 levels left

rFire    x . .     SeeInvis .   k - +0 mace
rCold    + . .     Faith    .   p - +0 buckler
rNeg     + . .     Spirit   .   h - +0 ring mail
rPois    ∞         Reflect  .   (no helmet)
rElec    +         Harm     .   (no cloak)
rCorr    .                      (no gloves)
MR       .....                  (no boots)
Stlth    +.........             (no amulet)
HPRegen  0.10/turn              a - ring of wizardry
MPRegen  0.11/turn              q - ring of ice

@: no status effects
A: negative energy resistance 1, electricity resistance, unbreathing,
petrification resistance, rot immunity, AC +4
a: Sacrifice Essence, Sacrifice Arcana, Sacrifice an Eye, Reject Sacrifices,
Renounce Religion


You were on level 3 of the Dungeon.
You worshipped Ru.
Ru was noncommittal.
You visited 1 branch of the dungeon, and saw 4 of its levels.

You collected 179 gold pieces.

Inventory:

Hand Weapons
 k - a +0 mace (weapon)
 t - a +0 flail
Missiles
 b - 119 stones (quivered)
Armour
 h - a +0 ring mail (worn)
 p - a +0 buckler (worn)
 u - a +0 scale mail
Jewellery
 a - a ring of wizardry (left hand)
 d - an uncursed ring of flight
 m - an uncursed ring of positive energy
 q - a ring of ice (right hand)
Scrolls
 e - 3 scrolls of remove curse {unknown}
 f - a scroll of immolation {unknown}
 i - a scroll of fear {unknown}
 l - a scroll of random uselessness {unknown}
 s - a scroll of identify
Potions
 c - a potion of ambrosia {unknown}
 g - a potion of mutation {unknown}
 j - 2 potions of cancellation {unknown}
 n - 2 potions of curing
 o - 2 potions of invisibility {unknown}
 r - a potion of haste {unknown}
 v - a potion of flight {unknown}


   Skills:
 + Level 2.0 Fighting
 + Level 1.5 Maces & Flails
 + Level 1.9 Armour
 - Level 1.5 Dodging
 - Level 2.1 Stealth
 + Level 0.9 Shields
 + Level 2.6 Spellcasting
 - Level 0.7 Transmutations
 + Level 4.3 Earth Magic


You had 5 spell levels left.
You knew the following spells:

 Your Spells              Type           Power        Failure   Level
a - Sandblast             Erth           ###...       4%          1
b - Apportation           Tloc           #.....       26%         1
c - Passwall              Tmut/Erth      ##......     14%         2

Your spell library contained the following spells:

 Spells                   Type           Power        Failure   Level
 Animate Skeleton         Necr           #.....       26%         1
 Corona                   Hex            #......      26%         1
 Summon Small Mammal      Summ           #...         26%         1
 Stone Arrow              Conj/Erth      #.....       30%         3
 Petrify                  Tmut/Erth      ##......     63%         4
 Lee's Rapid Deconstruct  Erth           ###.......   71%         5


Dungeon Overview and Level Annotations

Branches:
Dungeon (4/15)
 Temple: D:4-7

Altars:
Ashenzari
Fedhas
Gozag
Kikubaaqudgha
Okawaru
Qazlal
Ru
Wu Jian
The Shining One


Innate Abilities, Weirdness & Mutations

You are resistant to torment.
Your stone body is resilient. (AC +4)
You are immune to poison.
You resist negative energy. (rN+)
You are resistant to electric shocks. (rElec)
You can survive without breathing.
You are immune to petrification.
You are immune to rotting.


Message History

You hear some strange, mumbled words.
A puff of flame appears from out of thin air!
The puff of flame hits you! The fire burns you terribly!
* * * LOW HITPOINT WARNING * * *
Casting: Sandblast (safe; 4% risk of failure)
Confirm with . or Enter, or press ? or * to list all spells.
You can't see any susceptible monsters within range! (Use Z to cast anyway.)
Casting: Sandblast (safe; 4% risk of failure)
Confirm with . or Enter, or press ? or * to list all spells.
Okay, then.
Casting: Sandblast (safe; 4% risk of failure)
Confirm with . or Enter, or press ? or * to list all spells.
Press: ? - help, Shift-Dir - straight line
b - 119 stones Something hits you but does no damage. x2
Something hits you but does no damage.
You hear some strange, mumbled words.
A puff of flame appears from out of thin air!
The puff of flame hits you. The fire burns you terribly!
You die...

####.###.########.##.##.#
.....##...## #>##.##.#
######.....# #.).....# #
##...## ####.#### ##.##
#.# #.# #####.#### #.#
#.{......# ##'##
#.###.##.# # ##...## #@#
#.##.# # ##..†..##
#.###.##.# # ##.).....##
#.#.#.##.#
####.........###.....##.#
...+.........'.......##.#
####.........###........#
# ##.......## #.#.###.##
##.....## #.#<# .#
##...## #.#.###.#


There were no monsters in sight!

Vanquished Creatures
  A hound zombie (D:4)
  A hound skeleton (D:4)
  2 gnolls (D:4)
  2 adders
  An ooze (D:1)
  2 worms
  3 leopard geckos
  5 orcs
  4 giant cockroaches
  4 goblins
  A hobgoblin (D:1)
  A ball python (D:2)
  5 bats
  7 frilled lizards
  4 kobolds
  5 rats
48 creatures vanquished.

Vanquished Creatures (others)
  5 plants (D:4)
  5 toadstools (D:1)
10 creatures vanquished.

Grand Total: 58 creatures vanquished

Notes
Turn   | Place    | Note
-------+----------+-------------------------------------------
     0 | D:1      | Blackjack the Gargoyle Earth Elementalist began the quest
                  | for the Orb.
     0 | D:1      | Reached XP level 1. HP: 10/10 MP: 3/3
   776 | D:1      | Reached XP level 2. HP: 16/16 MP: 3/5
  1473 | D:2      | Reached skill level 1 in Fighting
  1473 | D:2      | Reached skill level 1 in Armour
  1535 | D:2      | Reached XP level 3. HP: 20/20 MP: 2/6
  1615 | D:2      | Reached skill level 4 in Earth Magic
  1687 | D:2      | Learned a level 1 spell: Apportation
  1690 | D:2      | Learned a level 2 spell: Passwall
  1844 | D:2      | Reached skill level 1 in Maces & Flails
  1848 | D:2      | Found an opulent altar of Gozag.
  1853 | D:2      | Found a sacrificial altar of Ru.
  1858 | D:2      | Found an ornate altar of the Wu Jian Council.
  1858 | D:2      | Found a stormy altar of Qazlal.
  1858 | D:2      | Found a glowing golden altar of the Shining One.
  1862 | D:2      | Became a worshipper of Ru the Awakened
  1866 | D:2      | Found a shattered altar of Ashenzari.
  1867 | D:2      | Found an iron altar of Okawaru.
  1868 | D:2      | Found a blossoming altar of Fedhas.
  2111 | D:3      | Reached XP level 4. HP: 25/25 MP: 5/7
  2304 | D:3      | Found an ancient bone altar of Kikubaaqudgha.
  3042 | D:4      | Reached XP level 5. HP: 25/30 MP: 1/9
  3069 | D:3      | HP: 1/30 [something/puff of flame (10)]
  3076 | D:3      | Killed from afar by an orc wizard

Illustrated notes

Levels and vault maps discovered:
D:1:      ldierk_walled_garden, layout_basic
D:2:      layout_loops_ring, minitemple
D:3:      layout_loops_corners, lemuel_round_altar,
          wander_ebering_terrifying_dragon_lair
D:4:      cheibrodos_old_hovel, layout_rooms, enter_ossuary_1,
          serial_bayou_lagoon_a, uniq_ijyb

Skill      XL: |  1  2  3  4 |
---------------+-------------+-----
Fighting       | 1 2 |  2.0
Armour         | 1 |  1.9
Earth Magic    | 4 |  4.3
Maces & Flails | 1 |  1.5
Dodging        | |  1.5
Stealth        | |  2.1
Shields        | |  0.9
Spellcasting   | |  2.6
Transmutations | |  0.7

Action                   |  1- 3 |  4- 6 || total
-------------------------+-------+-------++-------
Melee: Unarmed           |    26 |       ||    26
       Club              |    19 |       ||    19
       Mace              |    15 |    20 ||    35
Throw: Stone             |    11 |    16 ||    27
 Cast: Sandblast         |    33 |    25 ||    58
  Use: Scroll            |     1 |       ||     1
       Potion            |     1 |       ||     1
Armor: Robe              |    11 |       ||    11
       Ring mail         |    15 |    29 ||    44
Dodge: Dodged            |    41 |    21 ||    62
Block: Buckler           |       |     5 ||     5

Table legend: (Time is in decaauts)
 A = Elapsed time spent in this place.
 B = Non-inter-level travel time spent in this place.
 C = Inter-level travel time spent in this place.
 D = Time resting spent in this place.
 E = Time spent auto-exploring this place.
 F = Levels seen in this place.
 G = Mean time per level.
                   A        B        C        D        E       F      G
               +--------+--------+--------+--------+--------+-----+--------+
         Total |   3097 |   3097 |      0 |    813 |    175 |   4 |  774.2 |
       Dungeon |   3097 |   3097 |      0 |    813 |    175 |   4 |  774.2 |
               +--------+--------+--------+--------+--------+-----+--------+

Top non-repeatable levels by time:
     D:1: 1284 daAuts
     D:3: 1032 daAuts
     D:2: 638 daAuts
     D:4: 142 daAuts
